 Dungeon Crawl Stone Soup version 0.17-a0-1805-g6093636 (webtiles) character file.

14 Kel the Digger (level 2, 0/15 HPs)
             Began as a Gargoyle Earth Elementalist on Sept 6, 2015.
             Slain by a giant gecko (3 damage)
             ... on level 1 of the Dungeon on Sept 12, 2015.
             The game lasted 00:04:11 (596 turns).

Kel the Digger (Gargoyle Earth Elementalist)         Turns: 596, Time: 00:04:11

Health: 0/15       AC:  4    Str: 11    XL:     2   Next: 45%
Magic:  1/5        EV: 12    Int: 15    God:
Gold:   23         SH:  0    Dex: 10    Spells: 1 memorised, 4 levels left

rFire  . . .     SeeInvis .     (no weapon)
rCold  . . .     Clarity  .     b - +0 robe
rNeg   + . .     SustAt   .     (no shield)
rPois  ∞         Gourm    .     (no helmet)
rElec  +         Spirit   .     (no cloak)
rCorr  .         Warding  .     (no gloves)
rMut   .         Stasis   .     (no boots)
MR     .....                    (no amulet)
Stlth  ++........               (no ring)
                                (no ring)

@: very slightly contaminated, not resistant to hostile enchantments, unstealthy
A: negative energy resistance 1, electricity resistance, unbreathing,
petrification resistance, rot immunity, AC +2
a: no special abilities


You were on level 1 of the Dungeon.
You were not hungry.

You visited 1 branch of the dungeon, and saw 1 of its levels.

You collected 23 gold pieces.

Inventory:

Missiles
 a - 19 stones (quivered)
Armour
 b - a +0 robe (worn)
Books
 c - a book of Geomancy

   Spells                             Type                      Level
   a - Sandblast                      Earth                        1
   b - Stoneskin                      Transmutation/Earth          2
   c - Passwall                       Transmutation/Earth          3
   d - Stone Arrow                    Conjuration/Earth            3
   e - Petrify                        Transmutation/Earth          4
   f - Lee's Rapid Deconstruction     Earth                        5
Comestibles
 d - a bread ration


   Skills:
 + Level 1.9 Dodging
 + Level 2.3 Stealth
 + Level 2.1 Spellcasting
   Level 0.7 Transmutations
 + Level 4.0 Earth Magic


You had 4 spell levels left.
You knew the following spells:

 Your Spells              Type           Power        Failure   Level  Hunger
a - Sandblast             Erth           ##....       4%          1    #......


Dungeon Overview and Level Annotations

Branches:
Dungeon (1/15)

Altars:


Innate Abilities, Weirdness & Mutations

You are resistant to torment.
Your stone body is resilient (AC +2).
You are immune to poison.
You resist negative energy.
You are resistant to electric shocks.
You can survive without breathing.
You are immune to petrification.
You are immune to rotting.


Message History

Aim: a giant gecko You miscast Sandblast.
You are very lightly contaminated with residual magic.
You hear a distant rumble.
The giant gecko misses you. The kobold misses you.
The giant gecko closely misses you. The giant gecko closely misses you.
The giant gecko bites you but does no damage. x2
The kobold hits you. The giant gecko barely misses you.
The kobold closely misses you. The giant gecko misses you.
The kobold closely misses you. The giant gecko barely misses you.
The giant gecko misses you. The kobold hits you but does no damage.
The giant gecko barely misses you. The kobold hits you.
* * * LOW HITPOINT WARNING * * *
The giant gecko bites you.
You die...

..............#.######....
#........#....#...........
##........##...#.##########
..#####...####......#
..........# #...##.## ####
........########.##..###...
.............................
..........###....#.#.........
....##......@....#.#.##.##.#.
...........Kl....#.#.#.......
.................#.#.#.......
#...............###
#.#.#..... ...............#
......... ...............#
......... .#.###.........#
........ #.###.........#
...##... #.............# ..#
#...


You could see a giant gecko and a kobold.

Vanquished Creatures
  A giant gecko (D:1)
  A bat (D:1)
  2 giant cockroaches (D:1)
  A hobgoblin (D:1)
  4 goblins (D:1)
  2 kobolds (D:1)
  A rat (D:1)
12 creatures vanquished.

Notes
Turn   | Place    | Note
--------------------------------------------------------------
     0 | D:1      | Kel the Gargoyle Earth Elementalist began the quest for the Orb.
     0 | D:1      | Reached XP level 1. HP: 10/10 MP: 3/3
   290 | D:1      | Upgraded the game from 0.17-a0-1760-ga6756ae to 0.17-a0-1805-g6093636
   293 | D:1      | Reached XP level 2. HP: 15/15 MP: 3/5
   550 | D:1      | Reached skill level 4 in Earth Magic
   596 | D:1      | Slain by a giant gecko

Vault maps used:
D:1:      dpeg_arrival_line_fractal

Action                   || total
-------------------------++-------
Melee: Unarmed           ||    40
 Cast: Sandblast         ||    19
  Use: Scroll            ||     1
       Potion            ||     1
